 Dungeon Crawl Stone Soup version 0.17-a0-1450-g7e755d1 (webtiles) character file.

1078 Fluffy the Ruffian (level 8, -1/75 HPs)
             Began as a Troll Transmuter on June 30, 2015.
             Was a Believer of Cheibriados.
             Slain by an orc warrior
             ... wielding a +0 scimitar
              (10 damage)
             ... on level 6 of the Dungeon.
             The game lasted 00:13:34 (4669 turns).

Fluffy the Ruffian (Troll Transmuter)               Turns: 4669, Time: 00:13:34

Health: -1/75      AC:  7    Str: 23    XL:     8   Next: 8%
Magic:  6/9        EV: 11    Int: 15    God:    Cheibriados [**....]
Gold:   281        SH:  0    Dex: 14    Spells: 1 memorised, 8 levels left

rFire  + . .     SeeInvis .       - Unarmed
rCold  x . .     Clarity  .     b - +0 robe
rNeg   . . .     SustAt   .     (no shield)
rPois  .         Gourm    +     (helmet restricted)
rElec  .         Spirit   .     y - +1 cloak
rCorr  .         Warding  .     (gloves unavailable)
rMut   .         Stasis   .     (boots unavailable)
MR     .....                    (no amulet)
Stlth  +.........               (no ring)
                                A - ring of fire

@: lethally poisoned (-1 -> -1), very slow, not resistant to hostile
enchantments, very unstealthy
A: unfitting armour, claws 3, fast metabolism 3, gourmand, regeneration 2,
shaggy fur 1, tough skin 2
a: Bend Time, Renounce Religion


You were on level 6 of the Dungeon.
You worshipped Cheibriados.
Cheibriados was pleased with you.
You were full.

You visited 2 branches of the dungeon, and saw 7 of its levels.

You collected 281 gold pieces.

Inventory:

Hand weapons
 h - a +0 giant spiked club
Missiles
 a - 66 arrows
Armour
 b - a +0 robe (worn)
 y - a +1 cloak (worn)
Jewellery
 A - a ring of fire (left claw)
Magical devices
 p - a wand of polymorph (24)
Scrolls
 e - a scroll of remove curse
 g - a scroll of immolation
 i - a scroll of teleportation
 n - a scroll of fog
 o - 2 scrolls of identify
 z - a scroll of amnesia
Potions
 f - 2 potions of curing
 l - a potion of agility
 u - a potion of flight
Books
 c - a book of Changes

   Spells                             Type                      Level
   a - Beastly Appendage              Transmutation                1
   b - Sticks to Snakes               Transmutation                2
   c - Spider Form                    Transmutation/Poison         3
   d - Ice Form                       Ice/Transmutation            4
   e - Blade Hands                    Transmutation                5
Comestibles
 d - 6 bread rations
 k - 2 slices of pizza
 w - a royal jelly


   Skills:
 + Level 3.4 Fighting
 + Level 3.8 Dodging
 + Level 5.2 Unarmed Combat
 - Level 1.2 Spellcasting
 + Level 3.5 Transmutations
 + Level 3.3 Invocations


You had 8 spell levels left.
You knew the following spells:

 Your Spells              Type           Power        Failure   Level  Hunger
a - Beastly Appendage     Trmt           ##....       8%          1    ##.....


Dungeon Overview and Level Annotations

Branches:
Dungeon (6/15)             Temple (1/1) D:4

Altars:
Ashenzari
Cheibriados
Dithmenos
Fedhas
Gozag
Makhleb
Okawaru
Qazlal
Ru
Sif Muna
Vehumet
Xom
Zin

Annotations:
D:5 exclusion: statue


Innate Abilities, Weirdness & Mutations

You are too large for most types of armour.
You have claws for hands.
Your metabolism is lightning-fast.
You like to eat raw meat.
You heal very quickly.
You are covered in fur (AC +1).
You have very tough skin (AC +2).


Message History

The shadow imp shouts, "Turn tail, thou odious miscreant slime mold!"
You hear a shout! x3
The gnoll sergeant closely misses you.
The gnoll hits you from afar with a spear!
* * * LOW HITPOINT WARNING * * *
The orc warrior barely misses you. The scorpion stings you!
* * * LOW HITPOINT WARNING * * *
A gnoll comes into view.
You feel sick.
The orc warrior is no longer bleeding.
The gnoll sergeant barely misses you.
Use which ability? (? or * to list)
The flow of time bends around you.
Cheibriados rebukes the orc warrior.
The orc warrior seems to slow down.
Cheibriados rebukes the scorpion.
The scorpion seems to slow down.
You feel slightly less full.
You feel sick. The scorpion stings you.
* * * LOW HITPOINT WARNING * * *
The orc warrior hits you with a scimitar!
You die...

....####
#......# ....
#......# ...
#......# #..#
#......# ...#
#......# ...#
#....g.##...#
#..@sg..g.#.##.#
####o##gg..5...#
#o##.#s#.##g#
.g##g....gg
..g.......# .
....##.#####
.........
.........g
#######...


You could see an orc warrior, a gnoll sergeant, a scorpion, 6 gnolls and an orc.

Vanquished Creatures
  The ghost of HEYYEYAAE the Gusty, an experienced HuAE (D:5)
  2 ogres
  A centaur (D:5)
  2 crimson imps (D:5)
  A hound (D:4)
  An orc priest (D:6)
  3 orc wizards (D:5)
  A worker ant (D:4)
  8 adders
  A gnoll (D:6)
  2 oozes
  An adder zombie (D:4)
  10 orcs (D:5)
  4 ball pythons
  6 bats
  6 giant cockroaches
  11 hobgoblins
  7 jackals
  A quokka (D:3)
  3 giant geckos
  A giant newt (D:4)
  8 goblins
  9 kobolds
  17 rats
107 creatures vanquished.

Notes
Turn   | Place    | Note
--------------------------------------------------------------
     0 | D:1      | Fluffy the Troll Transmuter began the quest for the Orb.
     0 | D:1      | Reached XP level 1. HP: 18/18 MP: 1/1
   111 | D:1      | Reached XP level 2. HP: 26/26 MP: 2/2
   410 | D:1      | Reached skill level 1 in Fighting
   635 | D:1      | Reached XP level 3. HP: 33/33 MP: 3/3
  1184 | D:2      | Reached XP level 4. HP: 36/41 MP: 4/4
  1828 | D:3      | Found a deep blue altar of Sif Muna.
  2555 | D:4      | Noticed an ogre
  2663 | D:4      | Found a staircase to the Ecumenical Temple.
  2673 | Temple   | Entered the Ecumenical Temple
  2712 | Temple   | Became a worshipper of Cheibriados the Contemplative
  2977 | D:4      | Found a sacrificial altar of Ru.
  2977 | D:4      | Found a shadowy altar of Dithmenos.
  3122 | D:4      | Killed an ogre
  3122 | D:4      | Reached skill level 4 in Unarmed Combat
  3122 | D:4      | Reached skill level 1 in Invocations
  3122 | D:4      | Reached XP level 5. HP: 24/49 MP: 3/5
  3416 | D:4      | Found a blossoming altar of Fedhas.
  3460 | D:4      | Found a stormy altar of Qazlal.
  3475 | D:4      | Reached XP level 6. HP: 50/57 MP: 6/6
  3595 | D:4      | Acquired Cheibriados's first power
  3754 | D:5      | Entered Level 5 of the Dungeon
  3847 | D:5      | Found a radiant altar of Vehumet.
  3851 | D:5      | Noticed HEYYEYAAE's ghost (experienced HuAE)
  3888 | D:5      | Killed HEYYEYAAE's ghost
  3888 | D:5      | Reached XP level 7. HP: 21/66 MP: 7/7
  4066 | D:5      | Found a staircase to the Ecumenical Temple.
  4303 | D:5      | Reached skill level 5 in Unarmed Combat
  4520 | D:5      | Reached XP level 8. HP: 75/75 MP: 9/9
  4669 | D:6      | Slain by an orc warrior

Vault maps used:
D:1:      lordsloth_arrival_two_stooges, minivault_5, roderic_serpentine_path
D:2:      minmay_misc_feat_doors
D:3:      led_sif_book
D:4:      grunt_qazlal_sundering, grunt_temple_overflow_open,
          minmay_temple_entry_glass, minmay_misc_feat_cross, fedhas_altar_1
D:5:      vehumet_statue, minmay_temple_entry_fiery, first_bread
D:6:      kennysheep_housing_project, kennysheep_mini_moat,
          yredelemnul_forgotten_temple_becter, uniq_menkaure
Temple:   temple_island_7

Action                   |  1- 3 |  4- 6 |  7- 9 || total
-------------------------+-------+-------+-------++-------
Melee: Unarmed           |   110 |   145 |    89 ||   344
 Cast: Beastly Appendage |       |     3 |       ||     3
Invok: Bend Time         |       |     2 |     1 ||     3
  Use: Potion            |       |     7 |       ||     7
       Scroll            |       |       |    13 ||    13
 Stab: Sleeping          |     1 |     2 |       ||     3
       Invisible         |       |     2 |     1 ||     3
  Eat: Chunk             |    15 |    25 |     3 ||    43
